| TOP OF THE 1ST |
|
Chester Pirates batting - Pitching for Columbus Reds : LHP Brett Blevins
|
|
Pitching: LHP Brett Blevins
|
|
|
Batting: RHB Jason Rhodes
|
0-0: Called Strike 0-1: Foul Ball, location: 2F 0-2: TRIPLE (Flyball, 89XD, EV 106.9 MPH)
|
|
Batting: RHB Hugo Montemayor
|
0-0: Called Strike 0-1: SINGLE (Line Drive, 8RS, EV 108.1 MPH) Jason Rhodes scores
|
|
Batting: RHB Zach Chmieleski
|
0-0: Ball 1-0: Foul Ball, location: 2F 1-1: Swinging Strike 1-2: Foul Ball, location: 2F 1-2: Ball 2-2: Ball 3-2: Grounds into double play, 4-6-3 (Groundball, 34, EV 85.0 MPH)
|
|
Batting: SHB Mike Corley
|
0-0: Ball 1-0: Fly out, F8 (Flyball, 8LM, EV 92.5 MPH)
|
| Top of the 1st over - 1 run, 2 hits, 0 errors, 0 left on base; Chester 1 - Columbus 0 |
| BOTTOM OF THE 1ST |
|
Columbus Reds batting - Pitching for Chester Pirates : LHP Ernesto Gasca
|
|
Pitching: LHP Ernesto Gasca
|
|
|
Batting: RHB John Hopkins
|
0-0: Swinging Strike 0-1: Foul Ball, location: 2F 0-2: Ball 1-2: Ball 2-2: Strikes out swinging
|
|
Batting: SHB Sal Esparza
|
0-0: Called Strike 0-1: Ground out U3 (Groundball, 34, EV 103.1 MPH)
|
|
Batting: LHB Jamie Spangenberg
|
0-0: Swinging Strike 0-1: Ball 1-1: Foul Ball, location: 2F 1-2: Foul Ball, location: 2F 1-2: Foul Ball, location: 2F 1-2: Ball 2-2: Foul Ball, location: 2F 2-2: Foul Ball, location: 2F 2-2: Foul Ball, location: 2F 2-2: Ball 3-2: SINGLE (Groundball, 3, EV 98.1 MPH)
|
|
Batting: LHB Mike Becerra
|
0-0: Ground out U3 (Groundball, 3, EV 86.9 MPH)
|
| Bottom of the 1st over - 0 runs, 1 hit, 0 errors, 1 left on base; Chester 1 - Columbus 0 |
| TOP OF THE 2ND |
|
Chester Pirates batting - Pitching for Columbus Reds : LHP Brett Blevins
|
|
Batting: SHB Nathan Clement
|
0-0: Called Strike 0-1: Ball 1-1: Fly out, F7 (Flyball, 7, EV 76.9 MPH)
|
|
Batting: RHB Ryan Thurston
|
0-0: Fly out, F4 (Popup, 34D, EV 52.5 MPH)
|
|
Batting: LHB Tommie Benefield
|
0-0: Ball 1-0: Foul Ball, location: 2F 1-1: Foul Ball, location: 2F 1-2: Ball 2-2: Ball 3-2: Foul Ball, location: 2F 3-2: Strikes out swinging
|
| Top of the 2nd over - 0 runs, 0 hits, 0 errors, 0 left on base; Chester 1 - Columbus 0 |
| BOTTOM OF THE 2ND |
|
Columbus Reds batting - Pitching for Chester Pirates : LHP Ernesto Gasca
|
|
Batting: RHB Ruben Cantu
|
0-0: Fly out, F9 (Flyball, 9, EV 83.1 MPH)
|
|
Batting: RHB Alex Nagera
|
0-0: Swinging Strike 0-1: Ground out 6-3 (Groundball, 6MS, EV 69.4 MPH)
|
|
Batting: RHB Emanuel Estrada
|
0-0: Called Strike 0-1: Called Strike 0-2: Fly out, F3 (Popup, 3SF, EV 75.0 MPH)
|
| Bottom of the 2nd over - 0 runs, 0 hits, 0 errors, 0 left on base; Chester 1 - Columbus 0 |
| TOP OF THE 3RD |
|
Chester Pirates batting - Pitching for Columbus Reds : LHP Brett Blevins
|
|
Batting: RHB Zachery Loomis
|
0-0: Ball 1-0: Ball 2-0: Swinging Strike 2-1: SINGLE (Groundball, 6S, EV 96.2 MPH)
|
|
Batting: LHB Ernesto Gasca
|
0-0: Ball 1-0: Ball Passed Ball! Zachery Loomis to second 2-0: Fly out, F9 (Flyball, 89S, EV 85.6 MPH)
|
|
Batting: RHB Jason Rhodes
|
0-0: Ball 1-0: Ball Zachery Loomis is caught stealing 3rd base 2-5 2-0: Ball 3-0: Called Strike 3-1: Fly out, F7 (Line Drive, 7S, EV 91.9 MPH)
|
| Top of the 3rd over - 0 runs, 1 hit, 0 errors, 0 left on base; Chester 1 - Columbus 0 |
| BOTTOM OF THE 3RD |
|
Columbus Reds batting - Pitching for Chester Pirates : LHP Ernesto Gasca
|
|
Batting: RHB Jimmy Geddes
|
0-0: Ball 1-0: Ball 2-0: Called Strike 2-1: Foul Ball, location: 2F 2-2: Foul Ball, location: 2F 2-2: Foul Ball, location: 2F 2-2: DOUBLE (Line Drive, 9LS, EV 110.6 MPH)
|
|
Batting: RHB Cornholdo Schwerin
|
0-0: Fly out, F8 (Flyball, 8LS, EV 83.8 MPH)
|
|
Batting: RHB John Hopkins
|
0-0: Fly out, F8 (Flyball, 89S, EV 90.6 MPH)
|
|
Batting: SHB Sal Esparza
|
0-0: Ball 1-0: Called Strike 1-1: Ball 2-1: Foul Ball, location: 2F 2-2: Ground out 6-3 (Groundball, 6, EV 104.4 MPH)
|
| Bottom of the 3rd over - 0 runs, 1 hit, 0 errors, 1 left on base; Chester 1 - Columbus 0 |
| TOP OF THE 4TH |
|
Chester Pirates batting - Pitching for Columbus Reds : LHP Brett Blevins
|
|
Batting: RHB Hugo Montemayor
|
0-0: Ground out 5-3 (Groundball, 5L, EV 108.8 MPH)
|
|
Batting: RHB Zach Chmieleski
|
0-0: Ball 1-0: Foul Ball, location: 2F 1-1: Ball 2-1: Ball 3-1: Base on Balls
|
|
Batting: SHB Mike Corley
|
0-0: Called Strike 0-1: Foul Ball, location: 2F 0-2: Fly out, F2 (Popup, 23F, EV 89.4 MPH)
|
|
Batting: SHB Nathan Clement
|
0-0: Fly out, F7 (Flyball, BS2, EV 110.6 MPH)
|
| Top of the 4th over - 0 runs, 0 hits, 0 errors, 1 left on base; Chester 1 - Columbus 0 |
| BOTTOM OF THE 4TH |
|
Columbus Reds batting - Pitching for Chester Pirates : LHP Ernesto Gasca
|
|
Batting: LHB Jamie Spangenberg
|
0-0: Ball 1-0: Ball 2-0: Foul Ball, location: 2F 2-1: Foul Ball, location: 2F 2-2: Foul Ball, location: 2F 2-2: Foul Ball, location: 2F 2-2: Foul Ball, location: 2F 2-2: Ball 3-2: Fly out, F9 (Line Drive, 9S, EV 84.4 MPH)
|
|
Batting: LHB Mike Becerra
|
0-0: Ground out U3 (Groundball, 34S, EV 86.9 MPH)
|
|
Batting: RHB Ruben Cantu
|
0-0: Fly out, F3 (Popup, 3S, EV 75.6 MPH)
|
| Bottom of the 4th over - 0 runs, 0 hits, 0 errors, 0 left on base; Chester 1 - Columbus 0 |
| TOP OF THE 5TH |
|
Chester Pirates batting - Pitching for Columbus Reds : LHP Brett Blevins
|
|
Batting: RHB Ryan Thurston
|
0-0: Called Strike 0-1: Swinging Strike 0-2: Ground out 6-3 (Groundball, 6S, EV 84.4 MPH)
|
|
Batting: LHB Tommie Benefield
|
0-0: Foul Ball, location: 2F 0-1: Ball 1-1: Ball 2-1: Foul Ball, location: 2F 2-2: Ball 3-2: DOUBLE (Groundball, 5L, EV 105.0 MPH)
|
|
Batting: RHB Zachery Loomis
|
0-0: Ball 1-0: Called Strike 1-1: Ground out 6-3 (Groundball, 6, EV 89.4 MPH)
|
|
Batting: LHB Ernesto Gasca
|
0-0: Fly out, F9 (Flyball, 9S, EV 74.4 MPH)
|
| Top of the 5th over - 0 runs, 1 hit, 0 errors, 1 left on base; Chester 1 - Columbus 0 |
| BOTTOM OF THE 5TH |
|
Columbus Reds batting - Pitching for Chester Pirates : LHP Ernesto Gasca
|
|
Batting: RHB Alex Nagera
|
0-0: Ball 1-0: Ground out 1-3 (Groundball, 34S, EV 66.9 MPH)
|
|
Batting: RHB Emanuel Estrada
|
0-0: Ball 1-0: Swinging Strike 1-1: Ball 2-1: Foul Ball, location: 2F 2-2: Ball 3-2: Base on Balls
|
|
Batting: RHB Jimmy Geddes
|
0-0: Ball 1-0: Swinging Strike 1-1: Foul Ball, location: 2F 1-2: Foul Ball, location: 2F 1-2: Ball 2-2: Strikes out swinging
|
|
Batting: RHB Cornholdo Schwerin
|
0-0: SINGLE (Groundball, 6M, EV 98.8 MPH) Emanuel Estrada to second Runner from 2nd tries for 3rd, SAFE, throw by CF made to third
|
|
Batting: RHB John Hopkins
|
0-0: Ball 1-0: Ball 2-0: Called Strike 2-1: Foul Ball, location: 2F 2-2: Strikes out looking
|
| Bottom of the 5th over - 0 runs, 1 hit, 0 errors, 2 left on base; Chester 1 - Columbus 0 |
| TOP OF THE 6TH |
|
Chester Pirates batting - Pitching for Columbus Reds : LHP Brett Blevins
|
|
Batting: RHB Jason Rhodes
|
0-0: Foul Ball, location: 2F 0-1: Ball 1-1: Swinging Strike 1-2: Fly out, F6 (Popup, 6, EV 63.1 MPH)
|
|
Batting: RHB Hugo Montemayor
|
0-0: Ground out U3 (Groundball, 3, EV 88.1 MPH)
|
|
Batting: RHB Zach Chmieleski
|
0-0: Swinging Strike 0-1: Ground out U3 (Groundball, 23, EV 80.0 MPH)
|
| Top of the 6th over - 0 runs, 0 hits, 0 errors, 0 left on base; Chester 1 - Columbus 0 |
| BOTTOM OF THE 6TH |
|
Columbus Reds batting - Pitching for Chester Pirates : LHP Ernesto Gasca
|
|
Batting: SHB Sal Esparza
|
0-0: Swinging Strike 0-1: Called Strike 0-2: Ball 1-2: Strikes out swinging
|
|
Batting: LHB Jamie Spangenberg
|
0-0: Foul Ball, location: 2F 0-1: Foul Ball, location: 2F 0-2: SINGLE (Groundball, 6M, EV 101.2 MPH)
|
|
Pitching: RHP Marvin Sharpe
|
|
|
Batting: LHB Mike Becerra
|
0-0: Called Strike 0-1: Foul Ball, location: 2F 0-2: Ball Jamie Spangenberg is caught stealing 2nd base 2-6 1-2: Ball 2-2: Strikes out looking
|
| Bottom of the 6th over - 0 runs, 1 hit, 0 errors, 0 left on base; Chester 1 - Columbus 0 |
| TOP OF THE 7TH |
|
Chester Pirates batting - Pitching for Columbus Reds : LHP Brett Blevins
|
|
Batting: SHB Mike Corley
|
0-0: Swinging Strike 0-1: Swinging Strike 0-2: Strikes out looking
|
|
Batting: SHB Nathan Clement
|
0-0: Ball 1-0: Foul Ball, location: 2F 1-1: Ball 2-1: Swinging Strike 2-2: Ball 3-2: Base on Balls
|
|
Pitching: RHP Eudaldo Cuyco
|
|
|
Batting: RHB Ryan Thurston
|
0-0: Called Strike 0-1: Swinging Strike 0-2: Ball 1-2: Fielders Choice at 2nd, 6-4 (Groundball, 6, EV 91.2 MPH)
|
|
Batting: LHB Tommie Benefield
|
0-0: Ball 1-0: Ball 2-0: Ball 3-0: Base on Balls Ryan Thurston to second
|
|
Batting: RHB Zachery Loomis
|
0-0: Called Strike 0-1: Ball 1-1: Ball 2-1: Foul Ball, location: 2F 2-2: Fly out, F6 (Popup, 6MS, EV 75.0 MPH)
|
| Top of the 7th over - 0 runs, 0 hits, 0 errors, 2 left on base; Chester 1 - Columbus 0 |
| BOTTOM OF THE 7TH |
|
Columbus Reds batting - Pitching for Chester Pirates : RHP Marvin Sharpe
|
|
Batting: RHB Ruben Cantu
|
0-0: Called Strike 0-1: Called Strike 0-2: SINGLE (Popup, 6MD, EV 65.0 MPH)
|
|
Pinch Hitting: LHB Armando Arellano
|
0-0: DOUBLE (Line Drive, 89D, EV 110.6 MPH) Ruben Cantu to third
|
|
Pinch Hitting: RHB Ed Santibanez
|
0-0: Ball 1-0: Called Strike 1-1: Foul Ball, location: 2F 1-2: Fly out, F7 (Line Drive, 7S, EV 96.2 MPH)
|
|
Batting: RHB Jimmy Geddes
|
0-0: Ball 1-0: Foul Ball, location: 2F 1-1: Foul Ball, location: 2F 1-2: Strikes out swinging
|
|
Pinch Hitting: LHB Jamel Wilhite
|
0-0: Ball 1-0: Called Strike 1-1: Ball 2-1: Swinging Strike 2-2: Strikes out swinging
|
| Bottom of the 7th over - 0 runs, 2 hits, 0 errors, 2 left on base; Chester 1 - Columbus 0 |
| TOP OF THE 8TH |
|
Chester Pirates batting - Pitching for Columbus Reds : RHP Eudaldo Cuyco
|
|
Now at 3B: Nick Partain
|
|
|
Now in LF: Ed Santibanez
|
|
|
Now in CF: Alex Ruybalid
|
|
|
Batting: RHB Oscar Mora
|
0-0: Foul Ball, location: 2F 0-1: Called Strike 0-2: Strikes out swinging
|
|
Batting: RHB Jason Rhodes
|
0-0: Ball 1-0: Swinging Strike 1-1: Foul Ball, location: 2F 1-2: Foul Ball, location: 2F 1-2: Ball 2-2: Ball 3-2: SINGLE (Groundball, 56D, EV 95.6 MPH)
|
|
Batting: RHB Hugo Montemayor
|
0-0: Ball 1-0: Ball 2-0: Ball 3-0: Base on Balls Jason Rhodes to second
|
|
Batting: RHB Zach Chmieleski
|
0-0: Called Strike 0-1: Ball 1-1: Foul Ball, location: 2F 1-2: Strikes out swinging
|
|
Pitching: RHP Chris Santos
|
|
|
Batting: SHB Mike Corley
|
0-0: Foul Ball, location: 2F 0-1: SINGLE (Line Drive, 9S, EV 110.6 MPH) Jason Rhodes to third Hugo Montemayor to second
|
|
Batting: SHB Nathan Clement
|
0-0: Ball 1-0: Foul Ball, location: 2F 1-1: Ball 2-1: Swinging Strike 2-2: Strikes out looking
|
| Top of the 8th over - 0 runs, 2 hits, 0 errors, 3 left on base; Chester 1 - Columbus 0 |
| BOTTOM OF THE 8TH |
|
Columbus Reds batting - Pitching for Chester Pirates : RHP Marvin Sharpe
|
|
Batting: RHB John Hopkins
|
0-0: Ball 1-0: Swinging Strike 1-1: Swinging Strike 1-2: Strikes out swinging
|
|
Batting: SHB Sal Esparza
|
0-0: Called Strike 0-1: Foul Ball, location: 2F 0-2: Strikes out swinging
|
|
Batting: LHB Jamie Spangenberg
|
0-0: SINGLE (Line Drive, 9S, EV 98.1 MPH)
|
|
Pitching: LHP Francisco Mendoza
|
|
|
Batting: LHB Mike Becerra
|
0-0: Called Strike 0-1: Ball 1-1: Foul Ball, location: 2F 1-2: Ball 2-2: SINGLE (Groundball, 34D, EV 106.9 MPH) Jamie Spangenberg to second Runner from 2nd tries for 3rd, SAFE, throw by RF made to third
|
|
Batting: RHB Ruben Cantu
|
0-0: Ball 1-0: Ball 2-0: Ball 3-0: Base on Balls Mike Becerra to second
|
|
Batting: RHB Alex Ruybalid
|
0-0: Fly out, F4 (Popup, 34D, EV 58.1 MPH)
|
| Bottom of the 8th over - 0 runs, 2 hits, 0 errors, 3 left on base; Chester 1 - Columbus 0 |
| TOP OF THE 9TH |
|
Chester Pirates batting - Pitching for Columbus Reds : RHP Chris Santos
|
|
Batting: RHB Ryan Thurston
|
0-0: Swinging Strike 0-1: Ball 1-1: Foul Ball, location: 2F 1-2: Strikes out swinging
|
|
Batting: LHB Tommie Benefield
|
0-0: Called Strike 0-1: Ball 1-1: Swinging Strike 1-2: Strikes out swinging
|
|
Batting: RHB Zachery Loomis
|
0-0: Ball 1-0: Called Strike 1-1: Foul Ball, location: 2F 1-2: Ball 2-2: Ball 3-2: Ground out 6-3 (Groundball, 56D, EV 105.6 MPH)
|
| Top of the 9th over - 0 runs, 0 hits, 0 errors, 0 left on base; Chester 1 - Columbus 0 |
| BOTTOM OF THE 9TH |
|
Columbus Reds batting - Pitching for Chester Pirates : LHP Francisco Mendoza
|
|
Pitching: RHP Steve Kane
|
|
|
Batting: RHB Ed Santibanez
|
0-0: SINGLE (Groundball, 13S, EV 61.9 MPH) (infield hit)
|
|
Batting: RHB Jimmy Geddes
|
0-0: Called Strike Pickoff Throw to First - Out! 1-3 0-1: Ball 1-1: Ball 2-1: Ball 3-1: Ground out 5-3 (Groundball, 5, EV 94.4 MPH)
|
|
Pinch Hitting: LHB Rodrigo Samano
|
0-0: Swinging Strike 0-1: Fly out, F2 (Popup, 23F, EV 90.0 MPH)
|
| Bottom of the 9th over - 0 runs, 1 hit, 0 errors, 0 left on base; Chester 1 - Columbus 0 |
|